 Dungeon Crawl Stone Soup version 0.29.1-2-gbd0b4ee654 (webtiles) character file.

Game seed: 4145065476915126504

37021 Icepheonix32 the Tortoise (level 13, -6/115 HPs)
             Began as a Minotaur Fighter on Oct 24, 2022.
             Was a High Priest of the Shining One.
             Killed by divine providence
             ... invoked by an orc priest
              (14 damage)
             ... on level 2 of the Orcish Mines.
             The game lasted 00:32:07 (19858 turns).

Icepheonix32 the Tortoise (Minotaur Fighter)       Turns: 19858, Time: 00:32:08

Health: -6/115     AC: 49    Str: 21    XL:     13   Next: 56%
Magic:  11/15      EV: 13    Int:  9    God:    the Shining One [*****.]
Gold:   993        SH: 11    Dex: 17    Spells: 12/12 levels left

rFire   . . .      SeeInvis .   h - +3 mace (protect)
rCold   . . .      Faith    .   c - +0 buckler
rNeg    + + .      Spirit   .   B - +15 Maxwell's patent armour {-Cast -Tele rElec Will+ rCorr}
rPois   .          Reflect  +   (helmet restricted)
rElec   +          Harm     .   I - +2 cloak
rCorr   +          Rampage  .   C - +2 pair of gloves
Will    +....      NoTele   +   (no boots)
Stlth   .......... NoCast   +   q - amulet of reflection
HPRegen 0.29/turn               K - +4 ring of evasion
MPRegen 0.14/turn               o - +6 ring of dexterity

@: under a protective aura, hasted, glowing, very quick
A: horns 2, retaliatory headbutt
a: Renounce Religion, Divine Shield, Cleansing Flame, Summon Divine Warrior


You were on level 2 of the Orcish Mines.
You worshipped the Shining One.
The Shining One was extremely pleased with you.
You visited 3 branches of the dungeon, and saw 16 of its levels.

You collected 993 gold pieces.

Inventory:

Hand Weapons
 f - a +4 halberd
 h - a +3 mace of protection (weapon)
 u - a +5 short sword
 M - a +3 hand axe
Missiles
 A - 4 throwing nets
 H - 4 boomerangs (quivered)
Armour
 c - a +0 buckler (worn)
 B - the +15 Maxwell's patent armour (worn) {-Cast -Tele rElec Will+ rCorr}
   (You acquired it on level 6 of the Dungeon)

   rElec:     It insulates you from electricity.
   -Cast:     It prevents spellcasting.
   -Tele:     It prevents most forms of teleportation.
   rCorr:     It protects you from acid and corrosion.
   Will:      It increases your willpower.
 C - a +2 pair of gloves (worn)
 I - a +2 cloak (worn)
Jewellery
 k - a ring of fire
 m - an amulet of the acrobat
 o - a +6 ring of dexterity (right hand)
 q - an amulet of reflection (around neck)
 K - a +4 ring of evasion (left hand)
Wands
 p - a wand of polymorph (8)
 z - a wand of paralysis (19)
 E - a wand of iceblast (4)
 N - a wand of flame (8)
Scrolls
 a - 2 scrolls of teleportation
 b - 2 scrolls of identify
 e - 2 scrolls of immolation
 w - 3 scrolls of fog
 y - 3 scrolls of poison
Potions
 d - 2 potions of might
 i - 3 potions of ambrosia
 r - a potion of haste
 s - a potion of curing
 t - 3 potions of cancellation
 v - 5 potions of mutation
 D - 2 potions of magic
 F - a potion of brilliance
 J - 2 potions of resistance
 L - 2 potions of lignification
 O - 2 potions of attraction
Miscellaneous
 g - a tin of tremorstones (2/2)
 j - a phial of floods


   Skills:
 + Level 10.9 Fighting
 + Level 4.7(8.7) Axes
 + Level 11.4(11.8) Maces & Flails
 * Level 20.9 Armour
 + Level 3.2 Dodging
 + Level 0.5 Stealth
 - Level 6.1 Shields
 * Level 5.0 Invocations
 + Level 2.3 Evocations


You had 12 spell levels left.
You didn't know any spells.
Your spell library contained the following spells:

 Spells                   Type           Power      Damage    Failure   Level
 Freeze                   Ice            0%         1d3       98%         1
 Ensorcelled Hibernation  Hex/Ice        0%         N/A       99%         2
 Frozen Ramparts          Ice            0%         1d1       100%        3
 Anguish                  Hex/Necr       0%         N/A       100%        4
 Hailstorm                Conj/Ice       0%         3d3       100%        4
 Summon Ice Beast         Ice/Summ       0%         N/A       100%        4
 Summon Lightning Spire   Summ/Air       0%         N/A       100%        4
 Borgnjor's Vile Clutch   Necr/Erth      0%         N/A       100%        5
 Fireball                 Conj/Fire      0%         3d3       100%        5
 Iskenderun's Battlesphe  Conj           0%         2d6       100%        5
 Metabolic Englaciation   Hex/Ice        0%         N/A       100%        5
 Conjure Ball Lightning   Conj/Air       0%         3x3d6     100%        6
 Dispersal                Tloc           0%         N/A       100%        6
 Iron Shot                Conj/Erth      0%         9d1       100%        6
 Starburst                Conj/Fire      0%         6d3       100%        6
 Spellforged Servitor     Conj/Summ      0%         N/A       100%        7
 Disjunction              Tloc           0%         N/A       100%        8
 Ignition                 Fire           0%         3d3       100%        8


Dungeon Overview and Level Annotations

Branches:
Dungeon (13/15)            Temple (1/1) D:6            Lair (0/5) D:11
    Orc (2/2) D:12         Vaults (0/5) D:13
    Elf: Orc:2

Altars:
Ashenzari
Cheibriados
Dithmenos
Elyvilon
Fedhas
Gozag
Hepliaklqana
Kikubaaqudgha
Makhleb
Nemelex Xobeh
Okawaru
Qazlal
Ru
Sif Muna
Trog
Uskayaw
Vehumet
Wu Jian
Xom
Yredelemnul
Zin
The Shining One

Shops:
D:1 [   D:12 (:

Portals:
Bazaar: D:13

Annotations:
D:11 2 transporters


Innate Abilities, Weirdness & Mutations

You have a pair of horns on your head.
You reflexively headbutt those who attack you in melee.


Message History

The orc priest is lightly wounded.
You block the orc warrior's attack.
The orc warrior hits you from afar with a +0 halberd.
* * * LOW HITPOINT WARNING * * *
The orc warrior hits you but does no damage.
The orc priest misses you. You furiously retaliate!
You headbutt the orc priest, but do no damage.
The orc warrior misses you.
You sock the orc priest!
The orc priest is severely wounded.
Unknown command.
You sock the orc priest!
You kill the orc priest!
The Shining One accepts your kill.
You feel better.
The orc warrior hits you with a +0 mace.
* * * LOW HITPOINT WARNING * * *
You block the orc warrior's attack. x2
The orc warrior hits you but does no damage.
You closely miss the orc wizard. Your headbutt misses the orc wizard.
You block the orc warrior's attack.
The orc warrior hits you with a +0 glaive.
* * * LOW HITPOINT WARNING * * *
An orc wizard comes into view. It is wielding a +0 dagger.
You block the orc warrior's attack.
An orc priest comes into view. It is wielding a +0 hand axe.
The orc wizard barely misses you.
The orc warrior hits you but does no damage.
You hit the orc wizard.
The orc wizard is moderately wounded.
Unknown command.
You hit the orc wizard. You headbutt the orc wizard.
The orc wizard is almost dead.
You block the orc warrior's attack. The orc warrior completely misses you.
You furiously retaliate!
You headbutt the orc warrior, but do no damage.
The orc warrior hits you but does no damage.
The orc priest invokes the aid of Beogh against you.
Beogh smites you!
You die...

#o.#........
o.........
.......#
oo.#.##
#o....##
#).....#
#oo#...#
#)o.# #@o.#
##oo####
##...##.##
####........#
........##.##
###.#.###.##
#...###...##
##..#.#....#
#.........##


You could see 4 orc warriors, an orc priest, 3 orc wizards and an orc.

Vanquished Creatures
  An ironbound preserver (D:13)
  The ghost of RascalDebosk the Thaumaturge, a journeyman DjCj of Ashenzari (D:13)
  2 hydras (D:13)
  4 boulder beetles
  2 centaur warriors (D:13)
  7 two-headed ogres
  An orc high priest (Orc:2)
  4 skeletal warriors (D:13)
  4 deep elf pyromancers
  A wolf spider (D:11)
  An orc sorcerer (Orc:2)
  2 ugly things
  A cyclops (D:13)
  A manticore (D:12)
  An ice statue (D:13)
  3 gargoyles
  A rime drake (D:13)
  An efreet (D:13)
  Psyche (D:10)
  A komodo dragon (D:11)
  5 kobold demonologists (D:11)
  2 trolls
  2 ice devils (D:13)
  2 hornets
  A wolf spider simulacrum (D:13)
  Prince Ribbit (D:5)
  6 slime creatures
  Sigmund (D:6)
  2 vampires
  2 shadows
  6 wyverns
  3 wraiths
  3 centaur simulacra (D:13)
  22 yaks
  A basilisk (D:11)
  4 vampire mosquitoes
  2 steam dragons
  A warg (D:12)
  2 water moccasins (D:6)
  Duvessa (D:4)
  2 acid dragons
  2 meliai simulacra (D:13)
  6 orc warriors
  4 ice beasts
  4 ogres
  A black bear (D:5)
  3 sky beasts
  8 centaurs
  A phantom (D:6)
  Blork the orc (D:5)
  4 kobold brigands
  3 bullfrogs
  A scorpion (D:5)
  16 wights
  Dowan (D:4)
  23 killer bees
  5 electric eels (D:8)
  3 howler monkeys
  A hound (D:6)
  A jelly (D:6)
  23 orc priests
  Crazy Yiuf (D:7)
  9 iguanas
  2 gnoll boudas
  Jessica (D:2)
  11 orc wizards
  3 adders
  9 gnolls
  A white imp (D:6)
  2 ufetubi (D:6)
  4 dart slugs
  55 orcs
  11 ball pythons
  4 endoplasms
  2 giant cockroaches
  12 goblins
  5 hobgoblins
  8 jackals (D:3)
  2 quokkas
  6 bats
  4 frilled lizards
  30 kobolds
  6 rats
410 creatures vanquished.

Vanquished Creatures (others)
  An electric eel (D:8)
  40 plants (D:8)
41 creatures vanquished.

Grand Total: 451 creatures vanquished

Notes
Turn   | Place    | Note
-------+----------+-------------------------------------------
     0 | D:1      | Icepheonix32 the Minotaur Fighter began the quest for the
                  | Orb.
     0 | D:1      | Reached XP level 1. HP: 19/19 MP: 0/0
   176 | D:1      | Reached XP level 2. HP: 21/27 MP: 1/1
   342 | D:1      | Found a faded altar of an unknown god.
   522 | D:1      | Reached skill level 4 in Armour
   692 | D:1      | Found Umoneph's Antique Armour Shop.
  1208 | D:2      | Reached XP level 3. HP: 32/34 MP: 2/2
  1232 | D:2      | Noticed Jessica
  1242 | D:2      | Killed Jessica
  1429 | D:2      | Found a sparkling altar of Nemelex Xobeh.
  1584 | D:2      | Reached XP level 4. HP: 41/41 MP: 3/3
  2194 | D:3      | Reached skill level 5 in Fighting
  2200 | D:3      | Reached XP level 5. HP: 27/48 MP: 4/4
  2430 | D:3      | Reached skill level 5 in Armour
  2860 | D:4      | Reached skill level 1 in Maces & Flails
  2863 | D:4      | Reached XP level 6. HP: 35/56 MP: 5/5
  2956 | D:4      | Reached skill level 1 in Dodging
  3440 | D:4      | Reached XP level 7. HP: 27/63 MP: 6/6
  3575 | D:4      | Reached skill level 6 in Armour
  3986 | D:4      | Noticed Dowan
  3987 | D:4      | Noticed Duvessa
  4004 | D:4      | Killed Duvessa
  4017 | D:4      | Killed Dowan
  4227 | D:5      | Entered Level 5 of the Dungeon
  4428 | D:5      | Noticed Prince Ribbit
  4442 | D:5      | Reached XP level 8. HP: 40/73 MP: 7/7
  4459 | D:5      | Killed Prince Ribbit
  4460 | D:5      | Reached skill level 5 in Maces & Flails
  4460 | D:5      | Reached skill level 7 in Armour
  4738 | D:5      | Noticed Blork the orc
  4752 | D:5      | Killed Blork the orc
  5019 | D:5      | Reached skill level 5 in Shields
  5021 | D:5      | Reached skill level 1 in Evocations
  5994 | D:6      | Found a staircase to the Ecumenical Temple.
  6009 | D:6      | Reached XP level 9. HP: 71/82 MP: 8/8
  6012 | Temple   | Entered the Ecumenical Temple
  6409 | Temple   | Became a worshipper of the Shining One
  6715 | D:6      | Reached skill level 8 in Armour
  6752 | D:6      | Noticed Sigmund
  6757 | D:6      | Killed Sigmund
  6792 | D:6      | Paralysed by a gnoll for 5 turns
  7535 | D:6      | Identified a scroll of acquirement
  7535 | D:6      | Acquired the +15 Maxwell's patent armour {-Cast -Tele rElec
                  | Will+ rCorr}
  7535 | D:6      | Found the +15 Maxwell's patent armour {-Cast -Tele rElec
                  | Will+ rCorr}
  7585 | D:7      | Found a snail-covered altar of Cheibriados.
  7592 | D:7      | Reached * piety under the Shining One
  7609 | D:6      | Reached skill level 9 in Armour
  7913 | D:7      | Reached skill level 10 in Armour
  8195 | D:7      | Reached skill level 11 in Armour
  8350 | D:7      | Found a runed translucent door.
  8351 | D:7      | Noticed Crazy Yiuf
  8451 | D:7      | Reached XP level 10. HP: 91/91 MP: 9/9
  8728 | D:7      | Killed Crazy Yiuf
  9012 | D:8      | Reached skill level 12 in Armour
  9262 | D:8      | Found an iron altar of Okawaru.
  9358 | D:8      | Reached ** piety under the Shining One
  9871 | D:8      | Noticed a two-headed ogre
  9880 | D:8      | Killed a two-headed ogre
  9881 | D:8      | Reached skill level 13 in Armour
 10208 | D:8      | Reached skill level 14 in Armour
 10680 | D:9      | Noticed a two-headed ogre
 10693 | D:9      | Killed a two-headed ogre
 10694 | D:9      | Reached skill level 15 in Armour
 10785 | D:9      | Reached XP level 11. HP: 87/97 MP: 10/10
 11039 | D:9      | Found an opulent altar of Gozag.
 11152 | D:9      | Found a bloodstained altar of Trog.
 11184 | D:9      | Reached skill level 16 in Armour
 11244 | D:9      | Reached *** piety under the Shining One
 11809 | D:10     | Entered Level 10 of the Dungeon
 11861 | D:10     | Noticed a two-headed ogre
 11876 | D:10     | Killed a two-headed ogre
 12012 | D:10     | Found a stormy altar of Qazlal.
 12012 | D:10     | Found a shimmering altar of Xom.
 12210 | D:10     | Noticed Psyche
 12220 | D:10     | Killed Psyche
 12383 | D:10     | Reached skill level 17 in Armour
 12879 | D:11     | Noticed a deep elf pyromancer
 12885 | D:11     | Noticed a deep elf pyromancer
 12889 | D:11     | Noticed a cyan ugly thing
 12897 | D:11     | Killed a deep elf pyromancer
 12911 | D:11     | Killed a cyan ugly thing
 12917 | D:11     | Got the Parchment of Combed Thunderclap
 12932 | D:11     | Got the Omnibus of Sand
 12946 | D:11     | Noticed a deep elf pyromancer
 12948 | D:11     | Noticed a deep elf pyromancer
 12960 | D:11     | Killed a deep elf pyromancer
 13067 | D:11     | Got Ts'ui PĂȘn's Book of Forking Paths
 13188 | D:11     | Noticed a sun demon
 13217 | D:11     | Reached skill level 18 in Armour
 13669 | D:11     | Found a transporter.
 13709 | D:11     | Found a transporter.
 13957 | D:11     | Reached **** piety under the Shining One
 13975 | D:11     | Reached XP level 12. HP: 89/104 MP: 11/11
 13986 | D:11     | Reached skill level 19 in Armour
 14134 | D:11     | Noticed a two-headed ogre
 14147 | D:11     | Killed a two-headed ogre
 14213 | D:11     | Noticed a boulder beetle
 14270 | D:11     | Killed a boulder beetle
 14621 | D:11     | Noticed a two-headed ogre
 14627 | D:11     | Killed a two-headed ogre
 15113 | D:11     | Found a staircase to the Lair.
 15333 | D:12     | Found Wetsorey's Weapon Boutique.
 15756 | D:12     | Reached skill level 1 in Invocations
 15916 | D:12     | Found a staircase to the Orcish Mines.
 15975 | D:12     | Reached skill level 20 in Armour
 15993 | D:12     | Noticed a boulder beetle
 16034 | D:12     | Killed a boulder beetle
 16184 | D:12     | Noticed a boulder beetle
 16212 | D:12     | HP: 5/105 [wolf spider (6)]
 16234 | D:12     | HP: 4/105 [wolf spider (8)]
 16666 | D:12     | Found Deochuch's Book Boutique.
 16668 | D:12     | Noticed a two-headed ogre
 16679 | D:12     | Killed a two-headed ogre
 16962 | D:12     | Killed a boulder beetle
 17046 | D:13     | Reached skill level 10 in Fighting
 17612 | D:13     | Found a gate leading to a gauntlet.
 17630 | D:13     | Noticed a seven-headed hydra
 17634 | D:13     | Noticed a centaur warrior
 17655 | D:13     | Killed a seven-headed hydra
 17669 | D:13     | Reached XP level 13. HP: 79/113 MP: 14/14
 17718 | D:13     | Reached skill level 10 in Maces & Flails
 18014 | D:13     | Found a gate to the Vaults.
 18014 | D:13     | Noticed an ironbound preserver
 18035 | D:13     | Killed an ironbound preserver
 18234 | D:13     | Found a runed translucent gate.
 18234 | D:13     | Found a runed translucent gate.
 18234 | D:13     | Found a runed translucent gate.
 18329 | D:13     | Reached ***** piety under the Shining One
 18336 | D:13     | Noticed RascalDebosk's ghost (journeyman DjCj)
 18778 | D:13     | Killed RascalDebosk's ghost
 18935 | D:13     | Found a gateway to a bazaar.
 19574 | Orc:1    | Entered Level 1 of the Orcish Mines
 19755 | Orc:2    | Entered Level 2 of the Orcish Mines
 19836 | Orc:2    | Reached skill level 5 in Invocations
 19858 | Orc:2    | Killed from afar by an orc priest

Illustrated notes

Levels and vault maps discovered:
D:1:      dpeg_arrival_tiny_c, layout_basic, serial_shops, nicolae_shop_stone,
          hellmonk_ecumenical_altar_blasted
D:2:      layout_rooms, basic_altar, uniq_jessica
D:3:      layout_rooms
D:4:      layout_rooms, uniq_duvessa
D:5:      layout_loops_ring, kennysheep_cluttered_room,
          eino_small_chamber_without_monster, corexii_checkpoint_a,
          bh_walls_and_bars, uniq_blork_the_orc, uniq_prince_ribbit1
D:6:      layout_gridville, minmay_temple_entry_ruins, serial_glass,
          glass_columns_a, glass_columns_c, glass_columns_a, glass_columns_a,
          glass_columns_c, glass_columns_c, glass_columns_a, glass_columns_c,
          glass_columns_b, glass_columns_b, minmay_liquid_box, uniq_sigmund
D:7:      layout_basic, general_overflow_altar, chequers_serial_rivers_small_a,
          uniq_crazy_yiuf_cottage
D:8:      layout_loops_corners, mainiacjoe_overflow_alcove_1, special_room
          [special_room_orc], serial_bayou_lake_a
D:9:      kennysheep_spiral_hall, layout_basic, mainiacjoe_overflow_catwalk,
          trog_hazing_becter, kennysheep_another_room, due_unseen_surprise
D:10:     layout_loops_cross, jmf_multi_god_temple, grunt_ministairs_13,
          minivault_22, uniq_psyche
D:11:     gammafunk_worm_tunnel, layout_layer_cave, erik_lair_dragon,
          mrwooster_statue_mirror, bh_hangedman_babel_library
D:12:     layout_cave_pools, erik_orc_3, serial_shops, nicolae_stop_n_shop_2,
          shop_statue
D:13:     layout_loops_corners, skrybe_vaults_entry_preservation,
          gammafunk_ghost_icy, serial_shops, statue_bzr, gauntlet_entry_generic
Temple:   nicolae_temple_slightly_damp_pantheon
Orc:1:    nicolae_orc_accident_2, layout_caves, serial_shops, shop, shop,
          nicolae_shop_crystal, shop, minmay_orc_temple_c
Orc:2:    st_orc_mages, layout_caves

Skill      XL: |  1  2  3  4  5  6  7  8  9 10 11 12 13 |
---------------+----------------------------------------+-----
Fighting       | 4 5 6 7 8 9 10 | 10.9
Armour         | 4 5 6 7 11 15 18 20 | 20.9
Axes           | 3 4 |  4.7
Shields        | 4 5 6 |  6.1
Maces & Flails | 1 2 4 6 7 9 11 | 11.4
Dodging        | 1 2 3 |  3.2
Evocations     | 1 2 |  2.3
Invocations    | 3 5 |  5.0
Stealth        | |  0.5

Action                   |  1- 3 |  4- 6 |  7- 9 | 10-12 | 13-15 || total
-------------------------+-------+-------+-------+-------+-------++-------
Melee: War axe           |    60 |    31 |       |       |       ||    91
       Headbutt          |     2 |    21 |    53 |   369 |    96 ||   541
       Broad axe         |       |    28 |       |       |       ||    28
       Flail             |       |    60 |   100 |       |       ||   160
       Mace              |       |       |   152 |  1100 |   263 ||  1515
Throw: Dart              |       |       |       |     1 |     1 ||     2
Invok: Divine Shield     |       |       |       |     1 |     2 ||     3
       Cleansing Flame   |       |       |       |       |     1 ||     1
Evoke: Wand              |       |       |    13 |     3 |     6 ||    22
  Use: Scroll            |     2 |     4 |     6 |    13 |     3 ||    28
       Potion            |       |     5 |     1 |     9 |     3 ||    18
Armor: Scale mail        |    36 |    45 |    33 |       |       ||   114
       Plate armour      |       |       |    62 |   744 |   180 ||   986
Dodge: Dodged            |    34 |    59 |    80 |   497 |   111 ||   781
Block: Buckler           |    14 |    23 |   136 |   659 |   168 ||  1000
       Reflection        |       |       |     9 |    13 |     6 ||    28
